 Dungeon Crawl Stone Soup version 0.25-a0-697-g890751e744 (webtiles) character file.

Game seed: 12741999873038310211, levelgen mode: deterministic

1820 Esekla the Skirmisher (level 9, -16/71 HPs)
             Began as a Formicid Abyssal Knight on Apr 1, 2020.
             Was a Priest of Lugonu.
             Hit by a javelin thrown by Urug (22 damage)
             ... on level 10 of the Dungeon.
             The game lasted 00:39:26 (6222 turns).

Esekla the Skirmisher (Formicid Abyssal Knight)     Turns: 6222, Time: 00:39:26

Health: -16/71     AC:  3    Str: 20    XL:     9   Next: 32%
Magic:  11/11      EV: 13    Int: 12    God:    Lugonu [***...]
Gold:   396        SH: 11    Dex: 12    Spells: 8/8 levels left

rFire    . . .     SeeInvis +   s - +4 short sword
rCold    + . .     Gourm    .   m - +2 buckler {rN+}
rNeg     + . .     Faith    .   b - +0 leather armour
rPois    .         Spirit   .   (helmet unavailable)
rElec    .         Reflect  +   (no cloak)
rCorr    .         Harm     .   (no gloves)
MR       .....                  (no boots)
Stlth    ++........             p - +4 amulet of reflection
HPRegen  0.21/turn              (no ring)
MPRegen  0.12/turn              (no ring)

@: no status effects
A: permanent stasis, dig shafts and tunnels, four strong arms, antennae 3, cold
resistance 1, strong 1
a: Dig, Shaft Self, Depart the Abyss, Bend Space, Banish, Renounce Religion


You were on level 10 of the Dungeon.
You worshipped Lugonu.
Lugonu was most pleased with you.
You were hungry.

You visited 1 branch of the dungeon, and saw 10 of its levels.
You visited the Abyss 1 time.

You collected 418 gold pieces.
You spent 22 gold pieces at shops.

Inventory:

Hand Weapons
 a - a +1 falchion
 s - a +4 short sword (weapon)
 t - a +1 trident of protection
 v - a +2 short sword of venom
Missiles
 d - 3 curare-tipped darts
 f - 12 javelins
 l - 10 poisoned darts (quivered)
 z - 4 boomerangs
Armour
 b - a +0 leather armour (worn)
 m - a +2 buckler of positive energy (worn)
Jewellery
 p - a +4 amulet of reflection (around neck)
Wands
 e - a wand of flame (21)
Scrolls
 g - 4 scrolls of amnesia
 i - a scroll of identify
 j - a scroll of magic mapping {unknown}
 o - 2 scrolls of enchant weapon {unknown}
 q - 2 scrolls of fog {unknown}
 r - 2 scrolls of remove curse {unknown}
 x - a scroll of random uselessness {unknown}
 y - a scroll of noise {unknown}
Potions
 h - 2 potions of lignification
 k - a potion of mutation
 n - a potion of curing
 u - a potion of stabbing
 w - a potion of flight {unknown}
 A - a potion of heal wounds {unknown}
 B - a potion of cancellation
Comestibles
 c - 10 rations


   Skills:
 * Level 6.8 Fighting
 + Level 5.9(6.2) Short Blades
 + Level 2.3(4.4) Long Blades
 + Level 1.6 Throwing
 + Level 4.3 Armour
 + Level 3.8 Dodging
 + Level 1.9 Stealth
 * Level 5.4 Shields
 + Level 2.8 Invocations


You had 8 spell levels left.
You didn't know any spells.
Your spell library was empty.

Dungeon Overview and Level Annotations

Branches:
Dungeon (11/15)
 Temple: D:4-7         Lair: D:8-11         Orc: D:9-12

Altars:
Ashenzari
Fedhas
Kikubaaqudgha
Ru
Yredelemnul
Zin

Shops:
D:5 *

Annotations:
D:10 Urug


Innate Abilities, Weirdness & Mutations

You cannot be hasted, slowed, berserked, paralysed or teleported.
You can dig through walls and to a lower floor.
Your four strong arms can wield two-handed weapons with a shield.
You have a pair of large antennae on your head. (SInv)
Your flesh is cold resistant. (rC+)
Your muscles are strong. (Str +2)


Message History

s - a +4 short sword (weapon)
You kill the orc priest!
Lugonu accepts your kill.
Things that are here:
a +0 mace; a +0 leather armour
There is a stone staircase leading down here.
You climb downwards.
There is a stone staircase leading up here.
As you open the door, it creaks loudly!
Urug the Orcish Ballista comes into view.
She is wielding a +2 halberd of protection and wearing a +2 scale mail of magic resistance.
Urug shouts!
Urug throws a javelin.
The javelin pierces through you!
You close the door.
Urug opens the door.
Urug throws a javelin.
The javelin pierces through you!
Urug throws a javelin.
The javelin pierces through you!!
* * * LOW HITPOINT WARNING * * *
Urug grins evilly.
Urug throws a javelin.
The javelin pierces through you!!
You die...

##.##..##........#
####.##..##........######
#.......................#
#........##..#######>...#
#........##+####.###....#
###+###..##........#....#
. #..##..[.....#....# ..
...#######..##....#
.....##...##@<##....#
#...#........##....##..
.##...#..................#
...o..#...................
......o...................
.##.####...##..####..##..#
######+## ..# ..# ..# .#
..#


You could see Urug.

Vanquished Creatures
  Pikel (D:4)
  Purgy (D:4)
  An ice beast (D:5)
  An orc warrior (D:10)
  3 slaves (D:5)
  2 ogres (D:4)
  A phantom (D:5)
  A centaur (D:6)
  Blork the orc (D:5)
  A scorpion (D:5)
  2 crimson imps
  A centaur zombie (D:5)
  A bullfrog zombie (D:6)
  2 orc priests
  A hound (D:5)
  An orc wizard (D:4)
  2 bullfrog skeletons
  2 worker ants (D:5)
  2 iguanas
  A hound skeleton (D:4)
  9 adders
  2 shadow imps (D:5)
  An ooze (D:3)
  An adder zombie (D:9)
  2 adder skeletons (D:4)
  3 worms
  6 leopard geckos
  11 orcs
  7 giant cockroaches
  3 goblins
  5 hobgoblins
  6 jackals
  11 kobolds
  A quokka (D:3)
  17 bats
  2 frilled lizards (D:2)
  A jackal skeleton (D:4)
  11 rats
127 creatures vanquished.

Vanquished Creatures (others)
  3 toadstools (D:1)
3 creatures vanquished.

Grand Total: 130 creatures vanquished

Notes
Turn   | Place    | Note
-------+----------+-------------------------------------------
     0 | Abyss:1  | Esekla the Formicid Abyssal Knight began the quest for the
                  | Orb.
     0 | Abyss:1  | Reached XP level 1. HP: 18/18 MP: 2/2
    71 | Abyss:1  | Noticed a wretched star
    77 | D:1      | Escaped the Abyss
   126 | D:1      | Reached skill level 1 in Dodging
   129 | D:1      | Reached * piety under Lugonu
   144 | D:1      | Reached XP level 2. HP: 16/25 MP: 3/3
   306 | D:1      | Reached skill level 4 in Fighting
   376 | D:1      | Reached XP level 3. HP: 20/30 MP: 4/4
   605 | D:2      | Found a glowing silver altar of Zin,
   607 | D:2      | Found a basalt altar of Yredelemnul,
   614 | D:2      | Found a faded altar of an unknown god,
   844 | D:2      | Reached ** piety under Lugonu
   844 | D:2      | Reached XP level 4. HP: 25/38 MP: 5/5
  1061 | D:2      | Reached skill level 1 in Short Blades
  1629 | D:2      | Found a blossoming altar of Fedhas,
  1630 | D:2      | Found a shattered altar of Ashenzari,
  1753 | D:3      | Reached XP level 5. HP: 41/43 MP: 6/6
  2012 | D:3      | Reached *** piety under Lugonu
  2012 | D:3      | Reached skill level 1 in Shields
  2233 | D:4      | Reached skill level 5 in Fighting
  2376 | D:4      | Reached XP level 6. HP: 47/51 MP: 7/7
  2576 | D:4      | Noticed a slave
  2576 | D:4      | Noticed a slave
  2576 | D:4      | Noticed a slave
  2577 | D:4      | Noticed Pikel
  2579 | D:4      | Noticed a slave
  2580 | D:5      | Entered Level 5 of the Dungeon
  2603 | D:5      | Noticed Blork the orc
  2689 | D:5      | Killed Blork the orc
  2980 | D:5      | Killed a slave
  2988 | D:5      | Killed a slave
  2993 | D:5      | Reached XP level 7. HP: 33/56 MP: 8/8
  3123 | D:5      | Gained mutation: Your muscles are strong. (Str +2) [potion
                  | of mutation]
  3123 | D:5      | Gained mutation: Your flesh is cold resistant. (rC+)
                  | [potion of mutation]
  3346 | D:4      | Killed Pikel
  3346 | D:4      | Reached XP level 8. HP: 32/64 MP: 9/9
  3533 | D:4      | Reached skill level 6 in Fighting
  3535 | D:4      | Found an ancient bone altar of Kikubaaqudgha,
  3535 | D:4      | Found a sacrificial altar of Ru,
  3539 | D:4      | Noticed Purgy
  3712 | D:5      | Reached skill level 5 in Short Blades
  3712 | D:5      | Reached skill level 1 in Throwing
  3994 | D:4      | Reached skill level 1 in Stealth
  4619 | D:4      | Killed Purgy
  4930 | D:5      | Found Illyoppi's General Store,
  4935 | D:5      | Bought a scroll of identify for 22 gold pieces
  4982 | D:5      | Reached XP level 9. HP: 58/71 MP: 11/11
  5316 | D:6      | Reached skill level 5 in Shields
  5401 | D:6      | You fall into a shaft and drop 2 floors!
  5412 | D:8      | Reached **** piety under Lugonu
  5422 | D:8      | You fall into a shaft and drop 2 floors!
  5422 | D:10     | Entered Level 10 of the Dungeon
  5508 | D:11     | Noticed a seven-headed hydra
  5604 | D:10     | Noticed a troll
  5757 | D:10     | HP: 3/71 [orc warrior/+1 trident of protection (10)]
  6215 | D:10     | Noticed Urug
  6222 | D:10     | Hit by a javelin thrown by Urug

Levels and vault maps discovered:
D:1:      dpeg_arrival_tiny_h, layout_basic, minmay_gold_behind_fungi
D:2:      layout_loops_corners, nicolae_overflow_hidden_temple,
          chequers_ecumenical_altar_simple
D:3:      layout_rooms, first_ration, serial_bayou_crossing
D:4:      layout_gridville, chequers_temple_overflow_statue_of_worship,
          uniq_pikel, uniq_purgy
D:5:      layout_loops_ring, serial_shops, kennysheep_little_box,
          minmay_door_square, kennysheep_nub, small_statue_alley_b,
          minivault_24, uniq_blork_the_orc
D:6:      layout_rooms, lemuel_coloured_pillars_altar, gammafunk_ghost_split
D:8:      minmay_razor_zed, layout_gridville, overflow_temple_1_default,
          erik_lair_orcish_takeover, hangedman_pestilent_swarm,
          chequers_decorated_corner, elyvilon_altar_4, uniq_prince_ribbit1,
          uniq_erica
D:9:      layout_loops_corners, orc_0_dummy
D:10:     layout_gridville, serial_glass, glass_columns_b, glass_columns_b,
          serial_shops, shop, nicolae_trove_entry_crystal, uniq_urug,
          uniq_maurice
D:11:     layout_irregular_city

Skill      XL: |  1  2  3  4  5  6  7  8  9 |
---------------+----------------------------+-----
Dodging        | 1 2 3 |  3.8
Fighting       | 4 5 6 |  6.8
Short Blades   | 1 2 3 4 5 |  5.9
Shields        | 1 2 3 4 5 |  5.4
Armour         | 3 4 |  4.3
Throwing       | 1 |  1.6
Stealth        | 1 |  1.9
Long Blades    | |  2.3
Invocations    | |  2.8

Action                   |  1- 3 |  4- 6 |  7- 9 || total
-------------------------+-------+-------+-------++-------
Melee: Short sword       |    74 |   212 |   229 ||   515
       Falchion          |       |       |    20 ||    20
Throw: Dart              |       |     3 |    24 ||    27
       Boomerang         |       |       |     7 ||     7
Invok: Depart the Abyss  |     1 |       |       ||     1
       Bend Space        |       |     2 |     6 ||     8
 Abil: Shaft Self        |       |       |     1 ||     1
  Use: Scroll            |       |     1 |     7 ||     8
       Potion            |       |       |     1 ||     1
 Stab: Distracted        |       |       |     1 ||     1
       Sleeping          |       |       |     1 ||     1
  Eat: Chunk             |       |     5 |     5 ||    10
       Ration            |       |       |     2 ||     2
Armor: Leather armour    |    23 |    34 |    25 ||    82
Dodge: Dodged            |    40 |    90 |    87 ||   217
Block: Buckler           |       |    69 |   110 ||   179
       Reflection        |       |     2 |       ||     2
       Rpst.: Falchion   |       |       |     2 ||     2

Table legend:
 A = Non-vault XP
 B = Vault XP
 C = Vault XP percentage of total XP
 D = Non-vault monster count
 E = Vault monster count
 F = Vault count percentage of total count
                 A         B        C        D         E       F
            +---------+---------+-------+---------+---------+-------
      Total |    1724 |     876 |  33.7 |     121 |       3 |   2.4
            +---------+---------+-------+---------+---------+-------
        D:1 |      34 |       0 |   0.0 |      21 |       0 |   0.0
        D:2 |      86 |       0 |   0.0 |      29 |       0 |   0.0
        D:3 |      95 |       0 |   0.0 |      22 |       0 |   0.0
        D:4 |     375 |     782 |  67.6 |      18 |       2 |  10.0
        D:5 |     664 |      94 |  12.4 |      20 |       1 |   4.8
        D:6 |     281 |       0 |   0.0 |       5 |       0 |   0.0
        D:8 |       3 |       0 |   0.0 |       1 |       0 |   0.0
        D:9 |      47 |       0 |   0.0 |       3 |       0 |   0.0
       D:10 |     139 |       0 |   0.0 |       2 |       0 |   0.0
            +---------+---------+-------+---------+---------+-------
